 Dungeon Crawl Stone Soup version 0.21.1-1-g345015f (webtiles) character file.

2651 letownia2 the Magician (level 9, -3/71 HPs)
             Began as a Gnoll Skald on Feb 27, 2018.
             Was a Believer of Cheibriados.
             Slain by a red ugly thing (13 damage)
             ... on level 10 of the Dungeon.
             The game lasted 00:15:58 (2311 turns).

letownia2 the Magician (Gnoll Skald)                Turns: 2311, Time: 00:15:59

Health: -3/71      AC:  8    Str: 20    XL:     9   Next: 62%
Magic:  14/19      EV: 13    Int: 24    God:    Cheibriados [**....]
Gold:   11         SH:  0    Dex: 21    Spells: 9/21 levels left

rFire    . . .     SeeInvis +   b - +2 short sword (holy)
rCold    . . .     Gourm    .   (no shield)
rNeg     . . .     Faith    .   g - +0 ring mail (curse)
rPois    .         Spirit   .   h - +0 helmet
rElec    .         Reflect  .   (no cloak)
rCorr    .         Harm     .   p - +1 pair of gloves
MR       .....                  (no boots)
Stlth    ++........             (no amulet)
HPRegen  0.21/turn              l - ring of wizardry
MPRegen  0.16/turn              M - ring of see invisible

@: heavily drained, very slow
A: distributed training, fangs 1, strong nose
a: Bend Time, Renounce Religion


You were on level 10 of the Dungeon.
You worshipped Cheibriados.
Cheibriados was pleased with you.
You were hungry.

You visited 2 branches of the dungeon, and saw 11 of its levels.

You collected 340 gold pieces.
You spent 329 gold pieces at shops.

Inventory:

Hand Weapons
 a - a +4 dagger of venom
 b - a +2 short sword of holy wrath (weapon)
 d - a +0 spear
 t - a +2 short sword of venom
 v - a +0 trident
Missiles
 k - 25 bolts
 w - 21 sling bullets
 B - 9 tomahawks (quivered)
Armour
 g - a cursed +0 ring mail (worn)
 h - a +0 helmet (worn)
 p - a +1 pair of gloves (worn)
 u - a +0 scale mail
 A - a +0 leather armour
 I - a +2 chain mail of cold resistance
Magical Staves
 G - an uncursed staff of wizardry
Jewellery
 l - a ring of wizardry (left hand)
 M - a ring of see invisible (right hand)
Wands
 y - a wand of paralysis (6)
 F - a wand of polymorph (11)
 H - a wand of acid (5)
Scrolls
 e - a scroll of magic mapping {unknown}
 i - 3 scrolls of teleportation
 m - 3 scrolls of identify
 n - 4 scrolls of fear {unknown}
 q - 3 scrolls of immolation {unknown}
 s - a scroll of fog {unknown}
 D - 4 scrolls of amnesia
 J - 4 scrolls of remove curse {unknown}
 K - a scroll of holy word
 L - a scroll of enchant armour
Potions
 f - 4 potions of brilliance
 o - a potion of cancellation
 r - 2 potions of agility
 x - a potion of heal wounds
 z - a potion of haste
 E - 3 potions of ambrosia
Books
 c - a book of Battle

   Spells                             Type                      Level
   a - Infusion                       Charms                       1
   b - Shroud of Golubria             Charms/Translocation         2
   c - Song of Slaying                Charms                       2
   d - Spectral Weapon                Hexes/Charms                 3
   e - Regeneration                   Charms/Necromancy            3
 C - a book of Cantrips

   Spells                             Type                      Level
   a - Confusing Touch                Hexes                        1
   b - Animate Skeleton               Necromancy                   1
   c - Summon Small Mammal            Summoning                    1
   d - Apportation                    Translocation                1
Comestibles
 j - 15 rations


   Skills:
 + Level 6.4(3.4) Fighting
 + Level 4.3(1.5) Short Blades
 + Level 4.3(1.5) Long Blades
 + Level 4.3(1.5) Axes
 + Level 4.3(1.5) Maces & Flails
 + Level 6.4(3.4) Polearms
 + Level 4.3(1.5) Staves
 + Level 4.3(1.5) Slings
 + Level 4.3(1.5) Bows
 + Level 4.3(1.5) Crossbows
 + Level 4.3(1.5) Throwing
 + Level 5.1(2.2) Armour
 + Level 6.4(3.4) Dodging
 + Level 4.3(1.5) Stealth
 + Level 4.3(1.5) Shields
 + Level 4.3(1.5) Unarmed Combat
 + Level 6.7(3.7) Spellcasting
 + Level 3.5(0.8) Conjurations
 + Level 3.5(0.8) Hexes
 + Level 6.6(3.6) Charms
 + Level 3.5(0.8) Summonings
 + Level 3.5(0.8) Necromancy
 + Level 3.5(0.8) Translocations
 + Level 3.5(0.8) Transmutations
 + Level 3.5(0.8) Fire Magic
 + Level 3.5(0.8) Ice Magic
 + Level 3.5(0.8) Air Magic
 + Level 3.5(0.8) Earth Magic
 + Level 3.5(0.8) Poison Magic
 + Level 4.8(1.9) Invocations
 + Level 4.3(1.5) Evocations


You had 9 spell levels left.
You knew the following spells:

 Your Spells              Type           Power        Failure   Level  Hunger
a - Infusion              Chrm           ###.         1%          1    None
g - Regeneration          Chrm/Necr      ###.......   9%          3    ###....
k - Animate Skeleton      Necr           N/A          4%          1    None
l - Song of Slaying       Chrm           ###.....     2%          2    #......
t - Shroud of Golubria    Chrm/Tloc      ###.......   4%          2    #......
x - Spectral Weapon       Hex/Chrm       ###.....     9%          3    ###....


Dungeon Overview and Level Annotations

Branches:
Dungeon (10/15)            Temple (1/1) D:4
   Lair: D:8-11         Orc: D:9-12

Altars:
Ashenzari
Cheibriados
Fedhas
Gozag
Kikubaaqudgha
Nemelex Xobeh
Okawaru
Qazlal
Ru
Sif Muna
Trog
Vehumet
Wu Jian
Xom

Shops:
D:7 ?

Annotations:
D:5 Menkaure
D:9 exclusion: statue
D:10 cada's ghost, journeyman OpTm


Innate Abilities, Weirdness & Mutations

Your experience applies equally to all skills.
You have very sharp teeth.
Your uncanny sense of smell can sniff out nearby items.


Message History

Cada's ghost hits you but does no damage.
Unknown command.
You miss cada's ghost.
Cada's ghost is moderately damaged.
Your spectral weapon hits cada's ghost.
Cada's ghost convulses.
The red ugly thing engulfs you!
You are engulfed in flames!
* * * LOW HITPOINT WARNING * * *
Your shroud falls apart!
Cada's ghost casts a spell.
Cada's ghost blinks!
Unknown command.
Okay, then.
Evoke which item? (* to show all) (? for menu, Esc to quit)
Aiming: Paralyse
Press: ? - help, Shift-Dir - straight line, f - red ugly thing, p - cada's ghost
Aim: a red ugly thing (chance to defeat MR: 32%)
The red ugly thing easily resists.
The red ugly thing engulfs you.
* * * LOW HITPOINT WARNING * * *
You are engulfed in flames!
You die...

#.......# #.......+
#. ##..###.#
#.################'##
...!................
....W..............
#..(# ##.##..##..#
#u..####+##..#####
#######@........'..#
......>§........#..#
$...............#..+
.....##...##..###..#
..... #...##..# #..#
.....§....#....+....
#....##...+....#.....
#... #...#...## ....
... ....#


You could see a red ugly thing, cada's ghost and a friendly spectral short sword
of holy wrath.

Vanquished Creatures
  A spriggan (D:7)
  A water moccasin (D:9)
  2 sky beasts
  2 orc warriors
  A hornet zombie (D:9)
  An ogre (D:6)
  2 phantoms
  A crocodile (D:10)
  A bullfrog (D:6)
  A water moccasin zombie (D:9)
  2 scorpions
  9 killer bees
  3 wights (D:5)
  2 howler monkeys (D:9)
  4 crimson imps
  2 hounds
  3 orc wizards
  2 orc priests
  A centaur skeleton (D:8)
  A gnoll shaman (D:8)
  2 iguanas
  Ijyb (D:4)
  3 worker ants
  2 hound skeletons
  7 gnolls
  8 adders
  A shadow imp (D:6)
  An ooze (D:3)
  An adder skeleton (D:7)
  A worm (D:4)
  A leopard gecko (D:6)
  24 orcs
  2 giant cockroaches
  2 goblins
  6 hobgoblins
  7 jackals
  A quokka (D:9)
  6 bats
  A frilled lizard (D:4)
  5 kobolds
  A leopard gecko skeleton (D:4)
  A quokka skeleton (D:7)
  6 rats
132 creatures vanquished.

Vanquished Creatures (others)
  A spectral weapon (D:9)
1 creature vanquished.

Grand Total: 133 creatures vanquished

Notes
Turn   | Place    | Note
-------+----------+-------------------------------------------
     0 | D:1      | letownia2 the Gnoll Skald began the quest for the Orb.
     0 | D:1      | Reached XP level 1. HP: 20/20 MP: 6/6
   103 | D:1      | Reached XP level 2. HP: 26/26 MP: 7/7
   179 | D:2      | Learned a level 2 spell: Song of Slaying
   182 | D:2      | Learned a level 2 spell: Shroud of Golubria
   203 | D:2      | Reached skill level 5 in Spellcasting
   203 | D:2      | Reached XP level 3. HP: 26/31 MP: 4/9
   208 | D:2      | Learned a level 3 spell: Regeneration
   212 | D:2      | Learned a level 3 spell: Spectral Weapon
   255 | D:3      | Reached skill level 1 in Invocations
   270 | D:3      | Reached skill level 1 in Short Blades
   270 | D:3      | Reached skill level 1 in Long Blades
   270 | D:3      | Reached skill level 1 in Axes
   270 | D:3      | Reached skill level 1 in Maces & Flails
   270 | D:3      | Reached skill level 1 in Staves
   270 | D:3      | Reached skill level 1 in Slings
   270 | D:3      | Reached skill level 1 in Bows
   270 | D:3      | Reached skill level 1 in Crossbows
   270 | D:3      | Reached skill level 1 in Throwing
   270 | D:3      | Reached skill level 1 in Stealth
   270 | D:3      | Reached skill level 1 in Shields
   270 | D:3      | Reached skill level 1 in Unarmed Combat
   270 | D:3      | Reached skill level 1 in Evocations
   270 | D:3      | Reached XP level 4. HP: 17/38 MP: 0/11
   455 | D:3      | Reached skill level 1 in Conjurations
   455 | D:3      | Reached skill level 1 in Hexes
   455 | D:3      | Reached skill level 1 in Summonings
   455 | D:3      | Reached skill level 1 in Necromancy
   455 | D:3      | Reached skill level 1 in Translocations
   455 | D:3      | Reached skill level 1 in Transmutations
   455 | D:3      | Reached skill level 1 in Fire Magic
   455 | D:3      | Reached skill level 1 in Ice Magic
   455 | D:3      | Reached skill level 1 in Air Magic
   455 | D:3      | Reached skill level 1 in Earth Magic
   455 | D:3      | Reached skill level 1 in Poison Magic
   602 | D:5      | Entered Level 5 of the Dungeon
   640 | D:5      | Reached XP level 5. HP: 43/43 MP: 9/12
   837 | D:4      | Found a staircase to the Ecumenical Temple.
   837 | D:4      | Noticed Ijyb
   856 | D:4      | Killed Ijyb
   856 | D:4      | Reached XP level 6. HP: 45/50 MP: 2/13
   905 | D:4      | Reached skill level 5 in Fighting
   905 | D:4      | Reached skill level 5 in Polearms
   905 | D:4      | Reached skill level 5 in Dodging
   908 | Temple   | Entered the Ecumenical Temple
   929 | Temple   | Became a worshipper of Cheibriados the Contemplative
  1098 | D:5      | Reached XP level 7. HP: 8/56 MP: 2/15
  1112 | D:5      | Noticed Menkaure
  1257 | D:6      | Reached * piety under Cheibriados
  1286 | D:6      | Reached XP level 8. HP: 57/63 MP: 1/16
  1443 | D:7      | Noticed a spriggan baker
  1451 | D:7      | Killed a spriggan baker
  1496 | D:6      | Learned a level 1 spell: Animate Skeleton
  1586 | D:7      | Found a bloodstained altar of Trog.
  1600 | D:8      | Found an ancient bone altar of Kikubaaqudgha.
  1625 | D:8      | Reached ** piety under Cheibriados
  1716 | D:9      | Reached XP level 9. HP: 69/69 MP: 13/18
  1966 | D:7      | Reached skill level 5 in Armour
  1997 | D:7      | Found Lone's Magic Scroll Shop.
  2005 | D:7      | Bought a scroll of teleportation for 42 gold pieces
  2005 | D:7      | Bought a scroll of amnesia for 49 gold pieces
  2005 | D:7      | Bought a scroll of holy word for 105 gold pieces
  2005 | D:7      | Bought a scroll of enchant armour for 105 gold pieces
  2005 | D:7      | Bought a scroll of identify for 28 gold pieces
  2202 | D:9      | Found a radiant altar of Vehumet.
  2249 | D:10     | Entered Level 10 of the Dungeon
  2292 | D:10     | Noticed cada's ghost (journeyman OpTm)
  2309 | D:10     | Noticed a red ugly thing
  2311 | D:10     | Slain by a red ugly thing

Skill      XL: |  1  2  3  4  5  6  7  8  9 |
---------------+----------------------------+-----
Spellcasting   | 5 6 |  6.7
Invocations    | 1 2 3 4 |  4.8
Short Blades   | 1 2 3 4 |  4.3
Long Blades    | 1 2 3 4 |  4.3
Axes           | 1 2 3 4 |  4.3
Maces & Flails | 1 2 3 4 |  4.3
Staves         | 1 2 3 4 |  4.3
Slings         | 1 2 3 4 |  4.3
Bows           | 1 2 3 4 |  4.3
Crossbows      | 1 2 3 4 |  4.3
Throwing       | 1 2 3 4 |  4.3
Stealth        | 1 2 3 4 |  4.3
Shields        | 1 2 3 4 |  4.3
Unarmed Combat | 1 2 3 4 |  4.3
Evocations     | 1 2 3 4 |  4.3
Conjurations   | 1 2 3 |  3.5
Hexes          | 1 2 3 |  3.5
Summonings     | 1 2 3 |  3.5
Necromancy     | 1 2 3 |  3.5
Translocations | 1 2 3 |  3.5
Transmutations | 1 2 3 |  3.5
Fire Magic     | 1 2 3 |  3.5
Ice Magic      | 1 2 3 |  3.5
Air Magic      | 1 2 3 |  3.5
Earth Magic    | 1 2 3 |  3.5
Poison Magic   | 1 2 3 |  3.5
Armour         | 3 4 5 |  5.1
Fighting       | 5 6 |  6.4
Polearms       | 5 6 |  6.4
Dodging        | 5 6 |  6.4
Charms         | 6 |  6.6

Action                   |  1- 3 |  4- 6 |  7- 9 || total
-------------------------+-------+-------+-------++-------
Melee: Spear             |    22 |       |       ||    22
       Short sword       |    31 |   129 |    19 ||   179
       Bite              |     2 |    12 |    34 ||    48
       Dagger            |       |       |   218 ||   218
       Punch             |       |       |     6 ||     6
Throw: Tomahawk          |       |       |     2 ||     2
 Cast: Infusion          |     2 |       |     1 ||     3
       Shroud of Golubri |     5 |    13 |    21 ||    39
       Song of Slaying   |     1 |     3 |     6 ||    10
       Spectral Weapon   |       |     3 |    11 ||    14
       Regeneration      |       |     3 |     7 ||    10
Evoke: Wand              |       |     1 |     3 ||     4
  Use: Scroll            |       |       |     4 ||     4
       Potion            |       |       |     2 ||     2
 Stab: Distracted        |       |     1 |     1 ||     2
       Paralysed         |       |     1 |       ||     1
  Eat: Chunk             |       |     2 |     3 ||     5
Armor: Leather armour    |     4 |       |       ||     4
       Ring mail         |    21 |    37 |    74 ||   132
Dodge: Dodged            |    28 |   118 |   247 ||   393
